 Dungeon Crawl Stone Soup version 0.27-a0-1217-g8a41f320e8 (webtiles) character file.

Game seed: 8660860523989618136

6922 quinnr the Thaumaturge (level 11, -5/80 HPs)
             Began as a Djinni Air Elementalist on June 5, 2021.
             Shot with a bolt by a tengu warrior (14 damage)
             ... on level 8 of the Dungeon.
             The game lasted 00:28:15 (13705 turns).

quinnr the Thaumaturge (Djinni Air Elementalist)   Turns: 13705, Time: 00:28:16

Health: -5/80      AC:  7    Str:  7    XL:     11   Next: 27%
Gold:   472        EV: 16    Int: 20    God:
                   SH:  6    Dex: 20

rFire    + + .     SeeInvis .   f - staff of cold
rCold    . . .     Faith    .   h - +0 buckler
rNeg     . . .     Spirit   .   a - +0 robe
rPois    ∞         Reflect  .   (no helmet)
rElec    .         Harm     .   p - +0 cloak
rCorr    .         Rampage  .   (no gloves)
Will     +....                  (boots unavailable)
Stlth    +++.......             K - amulet of the acrobat
HPRegen  0.23/turn              d - +4 ring of protection
MPRegen  0.00/turn              F - +6 ring of dexterity

@: flying
A: sickness immunity, fire resistance 2, cold vulnerability 1, float, innate
caster, hp casting, extra vitality 1
a: no special abilities


You were on level 8 of the Dungeon.
You visited 2 branches of the dungeon, and saw 9 of its levels.

You collected 472 gold pieces.

Inventory:

Hand Weapons
 B - a +2 antimagic spear
Missiles
 o - 37 poisoned darts
Armour
 a - a +0 robe (worn)
 h - a +0 buckler (worn)
 p - a +0 cloak (worn)
Magical Staves
 f - a staff of cold (weapon)
 q - a staff of poison
Jewellery
 d - a +4 ring of protection (left hand)
 y - an amulet of magic regeneration
 E - a ring of flight
 F - a +6 ring of dexterity (right hand)
 H - an amulet of faith
 K - an amulet of the acrobat (around neck)
Wands
 n - a wand of polymorph (15)
 u - a wand of iceblast (11)
 z - a wand of flame (12)
 D - a wand of acid (7)
Scrolls
 b - 2 scrolls of noise {unknown}
 g - a scroll of fog
 j - a scroll of magic mapping
 k - a scroll of acquirement {unknown}
 l - 2 scrolls of fear {unknown}
 s - 4 scrolls of teleportation
 t - a scroll of amnesia
 w - a scroll of torment {unknown}
 x - a scroll of enchant weapon {unknown}
 I - a scroll of vulnerability {unknown}
Potions
 c - 2 potions of berserk rage
 e - 3 potions of resistance
 i - a potion of degeneration
 m - 3 potions of curing {unknown}
 r - 4 potions of ambrosia
 v - 3 potions of haste {unknown}
 A - a potion of might
 C - a potion of heal wounds
 G - a potion of magic {unknown}
 J - a potion of invisibility {unknown}


   Skills:
 + Level 7.7 Fighting
 - Level 6.0 Dodging
 - Level 4.0 Stealth
 - Level 4.0 Shields
 + Level 10.0 Spellcasting


You had 2 spell levels left.
You knew the following spells:

 Your Spells              Type           Power      Damage    Failure   Level
a - Shock                 Conj/Air       100%       1d9       1%          1
b - Static Discharge      Conj/Air       50%        N/A       1%          2
c - Swiftness             Air            50%        N/A       1%          3
d - Airstrike             Air            25%        N/A       1%          4
e - Lightning Bolt        Conj/Air       25%        1d41      3%          5
f - Foxfire               Conj/Fire      100%       2x1d9     1%          1
g - Wereblood             Tmut           50%        N/A       1%          2
h - Ignite Poison         Fire/Tmut/Pois 50%        N/A       1%          3
i - Portal Projectile     Hex/Tloc       100%       N/A       1%          3
j - Summon Lightning Spi  Summ/Air       50%        N/A       1%          4
Your spell library was empty.

Dungeon Overview and Level Annotations

Branches:
Dungeon (8/15)             Temple (1/1) D:6
   Lair: D:8-11

Altars:
Ashenzari
Cheibriados
Dithmenos
Elyvilon
Fedhas
Hepliaklqana
Kikubaaqudgha
Okawaru
Qazlal
Ru
Sif Muna
Trog
Uskayaw
Vehumet
Wu Jian
Xom
Zin
The Shining One


Innate Abilities, Weirdness & Mutations

You are immune to sickness and miasma.
You are immune to poison.
Your flesh is very heat resistant. (rF++)
You are vulnerable to cold. (rC-)
You float through the air rather than walking.
You learn spells naturally, not from books.
Your magical power is your life essence.
You have superior vitality. (+4 HP)


Message History

Aim: a tengu warrior, wielding a +0 arbalest, wearing a +0 leather armour and quivering bolts The air twists around and strikes the tengu warrior!
The tengu warrior is moderately wounded.
The tengu warrior shoots a bolt.
The bolt hits you!
Casting: Airstrike (mildly dangerous; 1% risk of failure)
Confirm with . or Enter, or press ? or * to list all spells.
Aiming: Airstrike (mildly dangerous; 1% risk of failure)
Press: ? - help, Dir - move target, f/p - tengu warrior
Aim: a tengu warrior, wielding a +0 arbalest, wearing a +0 leather armour and quivering bolts (moderately wounded)
The air twists around and strikes the tengu warrior!
The tengu warrior is moderately wounded.
The tengu warrior shoots a bolt.
You block the bolt.
Casting: Airstrike (mildly dangerous; 1% risk of failure)
Confirm with . or Enter, or press ? or * to list all spells.
Aiming: Airstrike (mildly dangerous; 1% risk of failure)
Press: ? - help, Dir - move target, f/p - tengu warrior
Aim: a tengu warrior, wielding a +0 arbalest, wearing a +0 leather armour and quivering bolts (moderately wounded)
The air twists around and strikes the tengu warrior!
The tengu warrior is heavily wounded.
The tengu warrior shoots a bolt.
The bolt barely misses you.
Casting: Airstrike (mildly dangerous; 1% risk of failure)
Confirm with . or Enter, or press ? or * to list all spells.
Aiming: Airstrike (mildly dangerous; 1% risk of failure)
Press: ? - help, Dir - move target, f/p - tengu warrior
Aim: a tengu warrior, wielding a +0 arbalest, wearing a +0 leather armour and quivering bolts (heavily wounded)
The air twists around and strikes the tengu warrior!
The tengu warrior is severely wounded.
* * * LOW HITPOINT WARNING * * *
The tengu warrior shoots a bolt.
The bolt hits you!
* * * LOW HITPOINT WARNING * * *
Casting: Airstrike (mildly dangerous; 1% risk of failure)
Confirm with . or Enter, or press ? or * to list all spells.
Aiming: Airstrike (mildly dangerous; 1% risk of failure)
Press: ? - help, Dir - move target, f/p - tengu warrior
Aim: a tengu warrior, wielding a +0 arbalest, wearing a +0 leather armour and quivering bolts (severely wounded)
The air twists around and strikes the tengu warrior!
The tengu warrior is almost dead.
* * * LOW HITPOINT WARNING * * *
The tengu warrior shoots a bolt.
The bolt hits you!
You die...

.........##......[..############
#...#.#####.........# ......
#.....Q...# #.........#
#.........#########
##.......#).......#####
##.....##.........)().
###..###........##### #8#@#
#........# ### ###'#
#........###..
###)###........).#..
#.')'.#........#.'..
###.######.#######.. .).'.####.#
#.. ###.###....# ### +.'.######
# #.##### #


You could see a tengu warrior.

Vanquished Creatures
  A boulder beetle (D:8)
  A centaur warrior (D:8)
  Joseph (D:7)
  Maggie (D:6)
  Grinder (D:6)
  2 hornets
  Grum (D:8)
  A steam dragon (D:8)
  Edmund (D:6)
  3 water moccasins
  3 orc warriors
  2 ice beasts
  5 sky beasts
  2 black bears
  A necrophage (D:8)
  3 wolves (D:7)
  2 ogres
  A centaur (D:8)
  A phantom (D:5)
  A kobold brigand (D:8)
  A gnoll sergeant (D:6)
  2 scorpions (D:4)
  2 bullfrogs
  A wyvern zombie (D:5)
  3 killer bees (D:5)
  9 wights
  3 howler monkeys
  7 centaur zombies
  A hound (D:6)
  Crazy Yiuf (D:6)
  2 orc priests
  A gnoll shaman (D:7)
  2 jellies
  An iguana (D:5)
  4 orc wizards
  A scorpion zombie (D:5)
  A killer bee zombie (D:6)
  2 hound zombies (D:5)
  Robin (D:2)
  A howler monkey skeleton (D:6)
  9 gnolls
  5 adders
  A shadow imp (D:6)
  2 white imps
  An ufetubus (D:7)
  2 adder skeletons
  A worm (D:5)
  2 dart slugs
  26 orcs
  3 ball pythons
  5 endoplasms
  6 giant cockroaches
  12 goblins
  5 hobgoblins
  6 jackals
  2 quokkas (D:2)
  3 bats
  3 frilled lizards
  9 kobolds
  5 rats
188 creatures vanquished.

Vanquished Creatures (others)
  35 foxfires
35 creatures vanquished.

Grand Total: 223 creatures vanquished

Notes
Turn   | Place    | Note
-------+----------+-------------------------------------------
     0 | D:1      | quinnr the Djinni Air Elementalist began the quest for the
                  | Orb.
     0 | D:1      | Reached XP level 1. HP: 15/15 MP: 0/0
   207 | D:1      | Reached XP level 2. HP: 18/21 MP: 0/0
   288 | D:1      | Reached skill level 3 in Spellcasting
   634 | D:1      | Reached XP level 3. HP: 23/25 MP: 0/0
   634 | D:1      | Learned a level 1 spell: Foxfire
  1697 | D:2      | Found a faded altar of an unknown god.
  1702 | D:2      | Reached XP level 4. HP: 23/31 MP: 0/0
  2037 | D:2      | Noticed Robin
  2092 | D:2      | Killed Robin
  2112 | D:2      | Reached skill level 4 in Spellcasting
  2933 | D:3      | Found a shimmering altar of Xom.
  2935 | D:3      | Found a shimmering altar of Xom.
  2937 | D:3      | Found a shimmering altar of Xom.
  3224 | D:3      | Reached XP level 5. HP: 35/35 MP: 0/0
  3224 | D:3      | Learned a level 2 spell: Wereblood
  3453 | D:3      | Found a blossoming altar of Fedhas.
  4256 | D:5      | Entered Level 5 of the Dungeon
  4280 | D:5      | Reached XP level 6. HP: 29/40 MP: 0/0
  4399 | D:4      | Reached skill level 5 in Spellcasting
  4776 | D:4      | Noticed a black bear
  5485 | D:5      | Reached XP level 7. HP: 26/45 MP: 0/0
  5485 | D:5      | Learned a level 3 spell: Ignite Poison
  5677 | D:5      | Reached skill level 6 in Spellcasting
  6596 | D:5      | Reached XP level 8. HP: 25/50 MP: 0/0
  6603 | D:5      | HP: 2/50 [killer bee (7)]
  6894 | D:5      | Reached skill level 7 in Spellcasting
  7800 | D:6      | Reached skill level 8 in Spellcasting
  8076 | D:6      | Reached skill level 1 in Shields
  8081 | D:6      | Reached XP level 9. HP: 29/55 MP: 0/0
  8081 | D:6      | Learned a level 3 spell: Portal Projectile
  8384 | D:6      | Found a shadowy altar of Dithmenos.
  8404 | D:6      | Noticed Maggie
  8405 | D:6      | quinnr: ??airstrike
  8405 | D:6      | beem: airstrike[1/3]: L4 Air single target attack spell
                  | that's {smite targeted}. Damage scales with number of open
                  | tiles around target, namely 4 + n +
                  | ((n-2)d(2+pow/7))/(n-2), where n is max(3, number of empty
                  | tiles around the target). Checks AC. Can't damage an {air
                  | elemental}.
  8405 | D:6      | quinnr: ??airstrike[2
  8405 | D:6      | beem: airstrike[2/3]: Prior to 0.24, the damage didn't
                  | depen on number of open tiles and was 7 + 1d(2 +
                  | (Power)/7).
  8405 | D:6      | quinnr: ??airstrike[3
  8405 | D:6      | beem: airstrike[3/3]: !lg fiveotanaka xl=27 nafe place=zig
                  | 1 -tv
  8410 | D:6      | Killed Maggie
  8747 | D:6      | Noticed Edmund
  8946 | D:6      | Killed Edmund
  8947 | D:6      | Reached skill level 9 in Spellcasting
  9334 | D:6      | Noticed Grinder
  9334 | D:6      | Paralysed by Grinder for 4 turns
  9346 | D:6      | Killed Grinder
  9347 | D:6      | Reached skill level 1 in Fighting
  9759 | D:6      | Found a staircase to the Ecumenical Temple.
  9801 | Temple   | Entered the Ecumenical Temple
  9973 | D:6      | Found a runed translucent door.
  9974 | D:6      | Noticed Crazy Yiuf
  9978 | D:6      | Killed Crazy Yiuf
  9985 | D:6      | Identified the +8 mace of Oxaotzei {drain, Dex+2}
 10234 | D:7      | Noticed Joseph
 10245 | D:7      | Killed Joseph
 10246 | D:7      | Reached XP level 10. HP: 32/67 MP: 0/0
 10624 | D:7      | Found a white marble altar of Elyvilon.
 10624 | D:7      | Found a glowing silver altar of Zin.
 10625 | D:7      | Found a glowing golden altar of the Shining One.
 10866 | D:7      | Reached skill level 5 in Dodging
 11139 | D:8      | Noticed Grum
 11143 | D:8      | Killed Grum
 11350 | D:7      | Reached skill level 5 in Fighting
 11668 | D:8      | Noticed a boulder beetle
 11805 | D:8      | Killed a boulder beetle
 12425 | D:8      | Found a hide-covered altar of Uskayaw.
 12472 | D:8      | Noticed a centaur warrior
 12476 | D:8      | Killed a centaur warrior
 12477 | D:8      | Reached XP level 11. HP: 43/78 MP: 0/0
 12477 | D:8      | Learned a level 4 spell: Summon Lightning Spire
 12889 | D:7      | quinnr: ??lightning spire
 12889 | D:7      | beem: lightning spire[1/2]: electric eel statues
 12889 | D:7      | quinnr: @?lightning spire
 12889 | D:7      | beem: lightning spire (8)
                  | Spd: 10 (stationary)
                  | HD: 3
                  | | HP: 17-25
                  | AC/EV: 13/3
                  | non-living, unbreathing
                  | Res:
                  | will(invuln), fire++, cold++, elec+++, poison+++, drown,
                  | miasma, neg+++, torm
                  | XP: 32
                  | Sp: b.electrical (3d6)
                  | [!AM, !sil]
                  | Sz: small
                  | Int: brainless.
 13698 | D:8      | Noticed a tengu warrior
 13701 | D:8      | Reached skill level 10 in Spellcasting
 13705 | D:8      | Shot with a bolt by a tengu warrior

Illustrated notes

Levels and vault maps discovered:
D:1:      psy_arrival_radial02, layout_loops_ring, minmay_worlds_worst_comb
D:2:      layout_basic, ebering_ecumenical_altar_hall, grunt_ministairs_6,
          uniq_robin
D:3:      layout_basic, xom_redecorated, marbit_many_paths, minivault_23
D:4:      wander_river, layout_basic
D:5:      layout_loops_ring
D:6:      layout_cave_pools, nicolae_dithmenos_shadow_blocks,
          minmay_temple_entry_arrows, uniq_grinder, uniq_edmund,
          uniq_crazy_yiuf_cottage, uniq_maggie
D:7:      layout_basic, good_gods_mini_temple, uniq_joseph
D:8:      cheibrodos_fzero, layout_rooms, kennysheep_little_box,
          lemuel_mausoleum_altar_yredelemnul, minmay_between, uniq_grum
Temple:   jpeg_temple_clearing

Skill      XL: |  1  2  3  4  5  6  7  8  9 10 11 |
---------------+----------------------------------+-----
Spellcasting   | 3 4 5 6 8 9 10 | 10.0
Shields        | 1 4 |  4.0
Stealth        | 3 4 |  4.0
Fighting       | 3 6 7 |  7.7
Dodging        | 4 6 |  6.0

Action                   |  1- 3 |  4- 6 |  7- 9 | 10-12 || total
-------------------------+-------+-------+-------+-------++-------
Melee: Staff             |       |       |     1 |     2 ||     3
 Cast: Shock             |    58 |    91 |    89 |    36 ||   274
       Static Discharge  |     1 |    10 |    13 |    16 ||    40
       Foxfire           |       |       |    22 |     3 ||    25
       Airstrike         |       |       |    46 |    71 ||   117
       Lightning Bolt    |       |       |    14 |    25 ||    39
       Swiftness         |       |       |     1 |       ||     1
       Wereblood         |       |       |     1 |       ||     1
       Summon Lightning  |       |       |       |     2 ||     2
  Use: Scroll            |       |     7 |     2 |     1 ||    10
       Potion            |       |       |     1 |     1 ||     2
Armor: Robe              |     4 |    10 |    26 |    25 ||    65
Dodge: Dodged            |     5 |    11 |    45 |    55 ||   116
Block: Buckler           |       |       |       |    32 ||    32

Table legend: (Time is in decaauts)
 A = Elapsed time spent in this place.
 B = Non-inter-level travel time spent in this place.
 C = Inter-level travel time spent in this place.
 D = Time resting spent in this place.
 E = Time spent auto-exploring this place.
 F = Levels seen in this place.
 G = Mean time per level.
                   A        B        C        D        E       F      G
               +--------+--------+--------+--------+--------+-----+--------+
         Total |  13728 |  12668 |   1060 |   5141 |   6239 |   9 | 1525.3 |
       Dungeon |  13638 |  12592 |   1046 |   5141 |   6164 |   8 | 1704.8 |
        Temple |     89 |     76 |     13 |      0 |     75 |   1 |   89.0 |
               +--------+--------+--------+--------+--------+-----+--------+

Top non-repeatable levels by time:
     D:5: 2939 daAuts
     D:7: 2688 daAuts
     D:4: 2121 daAuts
     D:2: 1348 daAuts
     D:3: 1306 daAuts
     D:1: 1287 daAuts
     D:6: 1199 daAuts
     D:8: 748 daAuts
  Temple: 89 daAuts
